[Event "Team 45 45 League T39"]
[Site "Internet Chess Club"]
[Date "2008.11.29"]
[Round "6"]
[White "chess9397"]
[Black "ghostfire"]
[Result "0-1"]
[WhiteElo "1908"]
[BlackElo "1853"]
[Opening "Sicilian: closed"]
[ECO "B23"]
[Time "21:00:09"]
[TimeControl "2700+45"]

1. e4 c5 2. Nc3 d6 3. f4 g6 4. Nf3 Bg7 5. Bb5+ Bd7 6. Bxd7+ Qxd7 7. O-O Nc6 8.
d3 Nd4 9. Be3 Nxf3+ 10. Qxf3 b5 11. Rab1 b4 12. Ne2 Qa4 13. e5 Rd8 14. f5 f6 15.
exd6 exd6 16. Qe4+ Ne7 17. fxg6 hxg6 18. Nf4 f5 19. Qe6 Be5 20. Nd5 Rh7 21. Nxe7
Rxe7 22. Qxg6+ Kd7 23. Bg5 Rh8 24. Qxf5+ Re6 25. Qf7+ Kc6 26. Qxe6 Bxh2+ 27. Kf2
Qxc2+ 28. Ke3 Kb6 29. Be7 Qxg2 30. Rf2 Bg1 31. Qxd6+ Kb7 32. Qd7+ Ka6 33. Qe6+
Ka5 34. Qf6 Bxf2+ 35. Qxf2 Rh3+ 36. Ke2 Qg4+ 37. Kd2 Rxd3+ 38. Kxd3 c4+ 39. Kc2
Qe4+ 40. Kc1 Qh1+ 41. Kd2 Qd5+ 42. Ke2 Qd3+ 43. Ke1 Qxb1+ 44. Kd2 Qxb2+ 45. Ke3
Qe5+ 46. Kd2 Qxe7 47. Qf5+ Ka4 48. Qc2+ Kb5 49. Qf5+ Qc5 50. Qd7+ Ka5 51. Qf7
Qd4+ 52. Ke2 Qd3+ 53. Kf2 Qd2+ 54. Kf1 Qc1+ 55. Ke2 Qb2+ 56. Ke3 Qc1+ 57. Ke2
Qc2+ 58. Ke3 Qd3+ 59. Kf2 Qd4+ 60. Ke2 Ka4 61. Qe8+ Ka3 62. Kf3 c3 63. Qf7 Qd1+
{White resigns} 0-1

[Event "Team 45 45 League T39"]
[Site "Internet Chess Club"]
[Date "2008.12.01"]
[Round "6"]
[White "Stav"]
[Black "room-matt"]
[Result "1-0"]
[WhiteElo "1852"]
[BlackElo "1796"]
[Opening "Budapest: Alekhine, Abonyi variation"]
[ECO "A52"]
[Time "14:03:36"]
[TimeControl "2700+45"]

1. d4 Nf6 2. c4 e5 3. dxe5 Ng4 4. e4 Nxe5 5. f4 Nec6 6. Be3 Bb4+ 7. Nc3 Bxc3+ 8.
bxc3 Qe7 9. Bd3 d6 10. Qh5 Na6 11. Ne2 g6 12. Qf3 Nd8 13. O-O c6 14. Bd4 O-O 15.
f5 Nc5 16. Bc2 b6 17. Rae1 Ba6 18. f6 Qe6 19. Nf4 Qxc4 20. Qh3 Qxa2 21. Bxc5 Kh8
22. Qh6 Rg8 23. Rf3 Bc8 24. Bxd6 Bg4 25. Bf8 Ne6 26. Nxe6 Raxf8 27. Nxf8 {Black
resigns} 1-0

[Event "Team 45 45 League T39"]
[Site "Internet Chess Club"]
[Date "2008.11.30"]
[Round "6"]
[White "chess9793"]
[Black "Razorbackchess"]
[Result "1-0"]
[WhiteElo "1797"]
[BlackElo "1782"]
[Opening "Sicilian: Taimanov (Bastrikov) variation"]
[ECO "B47"]
[Time "18:05:40"]
[TimeControl "2700+45"]

1. e4 c5 2. Nf3 e6 3. d4 cxd4 4. Nxd4 Nc6 5. Nc3 Qc7 6. Be2 Nf6 7. Be3 Bb4 8. f3
O-O 9. O-O Bxc3 10. Nb5 Qa5 11. Nxc3 h6 12. Qd6 Qe5 13. Qxe5 Nxe5 14. Bc5 Re8
15. Bd6 Nc6 16. Nb5 Rd8 17. Nc7 Rb8 18. Nxe6 dxe6 19. Bxb8 Nxb8 20. Rad1 Nc6 21.
Rxd8+ Nxd8 22. Rd1 Nc6 23. c3 a6 24. a4 e5 25. b4 Be6 26. b5 axb5 27. axb5 Na5
28. Rd8+ Kh7 29. Ra8 Nc4 30. Rb8 Na5 31. Ra8 Nc4 32. Ra7 b6 33. Rb7 Na3 34. Rxb6
Ne8 35. Rb8 Nd6 36. b6 Nab5 37. Bxb5 Nxb5 38. b7 Nxc3 39. Rh8+ Kxh8 40. b8=Q+
Kh7 41. Qxe5 {Black resigns} 1-0

[Event "Team 45 45 League T39"]
[Site "Internet Chess Club"]
[Date "2008.11.28"]
[Round "6"]
[White "rubo"]
[Black "Duguesclin"]
[Result "0-1"]
[WhiteElo "1734"]
[BlackElo "1617"]
[Opening "Bird's opening"]
[ECO "A03"]
[Time "15:00:44"]
[TimeControl "2700+45"]

1. f4 d5 2. Nf3 Bg4 3. e3 c5 4. b3 Nf6 5. Bb2 e6 6. Bb5+ Nbd7 7. O-O Be7 8. Qe1
O-O 9. Qh4 Bxf3 10. Rxf3 Ne4 11. Qh3 f5 12. Bxd7 Qxd7 13. d3 Bf6 14. Bxf6 Nxf6
15. Nd2 Rae8 16. Nf1 d4 17. Re1 dxe3 18. Nxe3 Qd4 19. Kf1 b5 20. Rb1 a5 21. g3
Ng4 22. Nxg4 fxg4 23. Qxg4 e5 24. Qh5 e4 25. dxe4 Qxe4 26. Rd1 Qe2+ {White
resigns} 0-1

[Event "Team 45 45 League T39"]
[Site "Internet Chess Club"]
[Date "2008.11.29"]
[Round "6"]
[White "Zebbile"]
[Black "A-Ru"]
[Result "0-1"]
[WhiteElo "1878"]
[BlackElo "1887"]
[Opening "Réti opening"]
[ECO "A04"]
[Time "08:02:15"]
[TimeControl "2700+45"]

1. Nf3 e6 2. d4 d5 3. Bf4 c5 4. e3 Qb6 5. Qc1 Nc6 6. c3 Bd7 7. Nbd2 Rc8 8. dxc5
Bxc5 9. Nb3 Be7 10. Be2 Nf6 11. O-O O-O 12. h3 a6 13. Ne5 Be8 14. Rb1 Nb4 15.
Qd1 Nxa2 16. Nd4 Ne4 17. Bd3 f6 18. Bxe4 dxe4 19. Qg4 fxe5 20. Bxe5 Rf7 21. Qxe4
Bf6 22. Bg3 Re7 23. Ra1 Qxb2 24. Bd6 Bg6 25. Qg4 Ree8 26. e4 Bxd4 27. cxd4 Qxd4
28. Rfd1 Qc4 29. Be5 Nc3 30. Re1 Nxe4 31. Rac1 Qd5 32. Rxc8 Rxc8 33. Bb2 Qf5 34.
Qe2 Ng5 35. Qe3 Rc2 36. Qd4 Qf6 37. Qxf6 gxf6 38. Bxf6 Ne4 39. Bd4 Kf7 40. Rb1
b5 41. Ra1 Rc6 42. f3 Nd6 43. g4 Nc4 44. Bc3 e5 45. Kf2 Ke6 46. Re1 Kd5 47. Rd1+
Kc5 48. Re1 e4 49. f4 e3+ 50. Kf3 Bd3 51. Rd1 Rd6 52. Kg3 b4 53. Be5 Nxe5 54.
fxe5 Rd5 55. Kf4 e2 56. Rc1+ Kb5 57. e6 Bg6 58. Re1 Rd2 59. h4 b3 60. h5 Be8 61.
Kf5 b2 62. Kf6 Rd1 63. Rxe2 b1=Q 64. Ke7 Bc6 65. Rf2 Rf1 66. Re2 Qd1 67. Re5+
Kb6 68. Rg5 Kc7 69. Rf5 Rxf5 70. gxf5 Qxh5 71. f6 Qe8# {White checkmated} 0-1

[Event "Team 45 45 League T39"]
[Site "Internet Chess Club"]
[Date "2008.11.30"]
[Round "6"]
[White "viking99"]
[Black "pishd"]
[Result "1/2-1/2"]
[WhiteElo "1827"]
[BlackElo "1809"]
[Opening "Caro-Kann: classical, Spassky variation"]
[ECO "B19"]
[Time "12:02:08"]
[TimeControl "2700+45"]

1. e4 c6 2. d4 d5 3. Nc3 dxe4 4. Nxe4 Bf5 5. Ng3 Bg6 6. h4 h6 7. Nf3 Nd7 8. h5
Bh7 9. Bd3 Bxd3 10. Qxd3 e6 11. Bf4 Qa5+ 12. Bd2 Bb4 13. Ne4 Ngf6 14. Nd6+ Ke7
15. Nc4 Bxd2+ 16. Nfxd2 Qc7 17. Qa3+ c5 18. dxc5 Qxc5 19. Qxc5+ Nxc5 20. O-O-O
Rhd8 21. f3 Rac8 22. g4 b5 23. Na5 Nd3+ 24. Kb1 Nf2 25. Kc1 Nxh1 26. Rxh1 Nd5
27. Ne4 Nb4 28. c3 Nd3+ 29. Kc2 Nc5 30. Nxc5 Rxc5 31. Nb7 Rcd5 32. Nxd8 Kxd8 33.
Rd1 Rxd1 34. Kxd1 Kd7 35. Kd2 Kd6 36. Kd3 Ke5 37. Ke3 g6 38. f4+ Kf6 {Game drawn
by mutual agreement} 1/2-1/2

[Event "Team 45 45 League T39"]
[Site "Internet Chess Club"]
[Date "2008.11.29"]
[Round "6"]
[White "Bill-W"]
[Black "Kingofknights"]
[Result "0-1"]
[WhiteElo "1706"]
[BlackElo "1874"]
[Opening "Caro-Kann: exchange variation"]
[ECO "B13"]
[Time "11:30:19"]
[TimeControl "2700+45"]

1. e4 c6 2. d4 d5 3. exd5 cxd5 4. Bd3 Nf6 5. c3 a6 6. Bf4 Nc6 7. Nd2 Bg4 8. Ngf3
e6 9. O-O Be7 10. Qc2 Rc8 11. a4 Nb4 12. Qb1 Nxd3 13. Qxd3 Bf5 14. Qe2 O-O 15.
Ne5 h6 16. g4 Bh7 17. f3 Qb6 18. Nb1 Rfd8 19. h4 Nd7 20. Kg2 Nxe5 21. dxe5 d4
22. Rh1 d3 23. Qd2 Qb3 24. g5 Qc2 25. gxh6 Rc4 26. Be3 Rxh4 27. Rxh4 Bxh4 28.
hxg7 Be1 29. Qxc2 dxc2 30. Na3 Rd1 31. Rc1 Bd2 32. Bxd2 Rxd2+ 33. Kg3 Kxg7 34.
Re1 Bd3 35. Kf4 Rd1 36. Nxc2 Bxc2 37. Rxd1 Bxd1 38. Ke4 Bxa4 39. f4 Bc6+ 40. Kd4
Kg6 41. b4 Kf5 42. Ke3 Bd5 {White resigns} 0-1

[Event "Team 45 45 League T39"]
[Site "Internet Chess Club"]
[Date "2008.11.29"]
[Round "6"]
[White "DaveTheRook"]
[Black "jacknor"]
[Result "1/2-1/2"]
[WhiteElo "1678"]
[BlackElo "1652"]
[Opening "Bogo-Indian defense, Nimzovich variation"]
[ECO "E11"]
[Time "15:03:23"]
[TimeControl "2700+45"]

1. d4 Nf6 2. c4 e6 3. Nf3 Bb4+ 4. Bd2 Qe7 5. a3 Bxd2+ 6. Nbxd2 O-O 7. g3 d6 8.
Bg2 e5 9. dxe5 dxe5 10. O-O e4 11. Ne1 Bg4 12. h3 Bh5 13. Nc2 c6 14. Ne3 Bg6 15.
b4 Nbd7 16. Qb3 c5 17. Rfd1 Rad8 18. Nb1 b6 19. Nc3 h6 20. b5 Qe5 21. Ncd5 Nxd5
22. Nxd5 Nf6 23. Nxf6+ Qxf6 24. Qe3 Rd4 25. Kf1 Rfd8 26. Ke1 Qd6 27. Rxd4 cxd4
28. Qb3 Kf8 29. Qb4 Qxb4+ 30. axb4 Rd7 31. c5 bxc5 32. bxc5 Rc7 33. c6 f5 34.
Rd1 a6 35. bxa6 Rxc6 36. Ra1 Rc8 37. a7 Ra8 38. Kd2 Ke7 39. h4 Kd8 40. Bh3 Kc7
41. Ra6 Bh7 42. g4 Kb7 43. Ra1 Rxa7 44. Rxa7+ Kxa7 45. gxf5 Kb6 46. Bg4 Kc5 47.
e3 d3 48. f3 Kd5 49. fxe4+ Kxe4 50. Bh3 Bxf5 51. Bxf5+ Kxf5 52. Kxd3 Ke5 53. h5
Kd5 54. e4+ Ke5 55. Ke3 g6 56. hxg6 Kf6 {Game drawn by mutual agreement} 1/2-1/2

[Event "Team 45 45 League T39"]
[Site "Internet Chess Club"]
[Date "2008.11.28"]
[Round "6"]
[White "Monsieur"]
[Black "vkpanch"]
[Result "1-0"]
[WhiteElo "1679"]
[BlackElo "1743"]
[Opening "Trompowsky attack (Ruth, Opocenský opening)"]
[ECO "A45"]
[Time "20:30:25"]
[TimeControl "2700+45"]

1. d4 Nf6 2. Bg5 d5 3. Bxf6 exf6 4. Nc3 Be6 5. e4 c6 6. f4 dxe4 7. Nxe4 Nd7 8.
Nf3 Qc7 9. Qd2 Bd5 10. Qe3 O-O-O 11. f5 Bb4+ 12. c3 Bxe4 13. cxb4 Rhe8 14. Be2
Bxf5 15. Qd2 Nb6 16. O-O Re6 17. Rfe1 Red6 18. b3 Be4 19. a4 Bxf3 20. Bxf3 Rxd4
21. Qa2 Nd5 22. b5 Nc3 23. Qf2 g5 24. Bh5 Rh4 25. g4 f5 26. Qxf5+ Kb8 27. Re5
Qb6+ 28. Kh1 Qd4 29. bxc6 Nb5 30. Rae1 Nc7 31. Qxg5 Rh3 32. Bxf7 a6 33. b4 Ka7
34. b5 Qf2 35. b6+ Qxb6 36. R5e3 Qxc6+ 37. Kg1 Rd2 38. R1e2 Qc1+ 39. Re1 Rd1 40.
Rxd1 Qxe3+ 41. Qxe3+ Rxe3 42. Rd7 Kb6 43. Kf2 Re4 44. Kg3 Rxa4 45. h4 Re4 46.
Kf3 Re5 47. Kf4 Rc5 48. h5 a5 49. g5 Rc6 50. g6 hxg6 51. Bxg6 Ne6+ 52. Ke5 Nf8
53. Rg7 Rc5+ 54. Kd6 Nxg6 55. hxg6 Rg5 56. Ke6 a4 57. Kf6 Rg1 58. Rg8 Ka7 59.
Re8 a3 60. Re3 Ra1 61. g7 Rf1+ 62. Ke7 Rg1 63. Rxa3+ Kb6 64. Kf8 Rf1+ 65. Kg8
Kc5 66. Rg3 Re1 67. Rf3 Rg1 68. Rf7 b5 69. Rf5+ Kc4 70. Kf7 b4 71. Kf6 Kb3 72.
Rg5 Rf1+ 73. Kg6 Kb2 74. g8=Q {Black resigns} 1-0

[Event "Team 45 45 League T39"]
[Site "Internet Chess Club"]
[Date "2008.11.28"]
[Round "6"]
[White "soccerisfun"]
[Black "NESKAYA"]
[Result "0-1"]
[WhiteElo "1356"]
[BlackElo "1635"]
[Opening "Petrov: classical attack, Marshall variation"]
[ECO "C42"]
[Time "22:03:39"]
[TimeControl "2700+45"]

1. e4 e5 2. Nf3 Nf6 3. Nxe5 d6 4. Nf3 Nxe4 5. d4 d5 6. Bd3 Bd6 7. O-O O-O 8. Re1
Re8 9. Bxe4 dxe4 10. Ng5 Bf5 11. Qh5 Bg6 12. Qg4 f5 13. Qe2 f4 14. Qc4+ Kh8 15.
Nf7+ Bxf7 16. Qxf7 Nc6 17. Qc4 Qh4 18. c3 f3 19. g3 Qh3 20. Qf1 Qh5 21. Nd2 Qf5
22. Nc4 Re7 23. Nxd6 cxd6 24. Bf4 d5 25. h3 Rae8 26. Be3 Re6 27. Kh2 a6 28. g4
Qf7 29. c4 dxc4 30. d5 Rd6 31. dxc6 Rxc6 32. Rac1 b5 33. Bf4 Qxf4+ 34. Kh1 Rh6
35. Kg1 Rh4 36. Rc3 Qh6 37. Kh2 Qf4+ 38. Kg1 Re6 39. Rxf3 Qxf3 40. Qg2 Rxh3 41.
Qxf3 Rxf3 42. Kg2 Rd3 43. Kh2 Rd2 44. Kg3 Rxb2 45. Kf4 g6 46. f3 Rxa2 47. Rxe4
Rxe4+ 48. fxe4 Kg7 {White resigns} 0-1

[Event "Team 45 45 League T39"]
[Site "Internet Chess Club"]
[Date "2008.11.28"]
[Round "6"]
[White "playwaycool"]
[Black "SlimeDog2"]
[Result "0-1"]
[WhiteElo "2092"]
[BlackElo "2118"]
[Opening "Trompowsky attack (Ruth, Opocenský opening)"]
[ECO "A45"]
[Time "23:00:06"]
[TimeControl "2700+45"]

1. d4 Nf6 2. Bg5 e6 3. e4 h6 4. Bxf6 Qxf6 5. c3 d6 6. Bd3 Nd7 7. Ne2 Qd8 8. O-O
Be7 9. f4 O-O 10. e5 c5 11. Nd2 cxd4 12. exd6 Bxd6 13. Nxd4 e5 14. Nf5 exf4 15.
Ne4 Bc5+ 16. Kh1 Qb6 17. b4 Be3 18. Qg4 g6 19. Nxh6+ Kh7 20. Qh4 Kg7 21. Qg5 Nf6
22. Nc5 Nh7 23. Qh4 g5 24. Qe1 Qxh6 25. g3 Bh3 26. gxf4 gxf4 27. Rg1+ Bxg1 28.
Qe5+ f6 29. Rxg1+ Kh8 30. Qc7 f3 31. Re1 f2 32. Rd1 Rg8 33. Be4 f1=Q+ 34. Rxf1
Bxf1 35. Ne6 Bh3 36. Nf4 Rae8 37. Qxb7 Qh4 38. Nd3 Qxe4+ 39. Qxe4 Rxe4 40. b5
Re3 41. b6 Rxd3 {White resigns} 0-1

[Event "Team 45 45 League T39"]
[Site "Internet Chess Club"]
[Date "2008.11.30"]
[Round "6"]
[White "GeofDeV"]
[Black "AMAV"]
[Result "0-1"]
[WhiteElo "2035"]
[BlackElo "2073"]
[Opening "QGD: 6.Nf3"]
[ECO "D55"]
[Time "09:06:52"]
[TimeControl "2700+45"]

1. d4 d5 2. c4 e6 3. Nf3 Nf6 4. Nc3 Be7 5. Bg5 O-O 6. e3 b6 7. Rc1 Bb7 8. Bd3 c5
9. cxd5 cxd4 10. Nxd4 Nxd5 11. Bxe7 Qxe7 12. O-O Nd7 13. Qh5 N7f6 14. Qh4 h6 15.
a3 Rac8 16. Ndb5 Nxc3 17. Rxc3 a6 18. Rxc8 Rxc8 19. Nc3 Qd6 20. Rd1 Qc6 21. f3
Qc5 22. Qf2 b5 23. e4 Qc7 24. Qe3 Nd7 25. Qd4 Ne5 26. Be2 Nc6 27. Qe3 b4 28.
axb4 Nxb4 29. Rd2 Qa5 30. Kf2 Rd8 31. Rxd8+ Qxd8 32. Na4 Nc2 33. Qd3 Qh4+ 34.
Kg1 Qe1+ 35. Bf1 Ne3 36. Qe2 Qc1 37. b3 Nxf1 38. Qxf1 Qe3+ 39. Qf2 Qxb3 40. Qd4
Bc6 41. Nc5 Qb6 42. h3 a5 43. Kh2 a4 44. e5 Qa5 45. Qd6 Bd5 46. Nd7 Qa8 47. Nb6
Qa5 48. Nd7 Qa8 49. Nb6 Qe8 50. Nxd5 exd5 51. Qxd5 a3 52. f4 Qa4 53. Qd8+ Kh7
54. Qd3+ g6 55. f5 a2 56. fxg6+ fxg6 57. Qf3 Qa7 58. Qf8 a1=Q 59. Qe8 Q1g1+
{White resigns} 0-1

[Event "Team 45 45 League T39"]
[Site "Internet Chess Club"]
[Date "2008.11.30"]
[Round "6"]
[White "Gregorio"]
[Black "primerpaso"]
[Result "1-0"]
[WhiteElo "2033"]
[BlackElo "1828"]
[Opening "Sicilian: Najdorf, Opocensky variation"]
[ECO "B92"]
[Time "20:11:36"]
[TimeControl "2700+45"]

1. e4 c5 2. Nf3 d6 3. d4 cxd4 4. Nxd4 Nf6 5. Nc3 a6 6. Be2 e5 7. Nb3 Be6 8. Be3
Nbd7 9. Qd2 Qc7 10. f3 Be7 11. g4 Nb6 12. g5 Nfd7 13. O-O-O Nc4 14. Bxc4 Qxc4
15. Na5 Qc7 16. Nd5 Bxd5 17. Qxd5 Rc8 18. Rd2 Nc5 19. Nb3 O-O 20. h4 Qc6 21.
Nxc5 dxc5 22. Qxe5 Rfe8 23. Rhd1 Qb5 24. Qf5 g6 25. Qd7 Qa5 26. Kb1 c4 27. c3 b5
28. Rd5 Qa4 29. h5 gxh5 30. g6 hxg6 31. Rg1 Rcd8 32. Qf5 Bf8 33. Rxg6+ Bg7 34.
Rxg7+ Kxg7 35. Qg5+ Kh7 36. Qh6+ Kg8 37. Rg5# {Black checkmated} 1-0

[Event "Team 45 45 League T39"]
[Site "Internet Chess Club"]
[Date "2008.11.28"]
[Round "6"]
[White "VICODIN"]
[Black "GamePlayer"]
[Result "1-0"]
[WhiteElo "1849"]
[BlackElo "1768"]
[Opening "Queen's pawn game"]
[ECO "A45"]
[Time "12:19:54"]
[TimeControl "2700+45"]

1. d4 Nf6 2. e3 e6 3. f4 b6 4. Nf3 Bb7 5. Nbd2 c5 6. Bb5 cxd4 7. exd4 a6 8. Bd3
Nd5 9. Ne4 Be7 10. O-O O-O 11. Neg5 h6 12. Nh7 Re8 13. Ne5 d6 14. Qh5 Rf8 15.
Ng4 Nf6 16. Nhxf6+ Bxf6 17. f5 e5 18. Bxh6 gxh6 19. Bc4 Bg5 20. Nxh6+ Bxh6 21.
Qxh6 Nd7 22. f6 Nxf6 23. Rxf6 {Black resigns} 1-0

[Event "Team 45 45 League T39"]
[Site "Internet Chess Club"]
[Date "2008.11.28"]
[Round "6"]
[White "Ortega"]
[Black "trophyking"]
[Result "1/2-1/2"]
[WhiteElo "1975"]
[BlackElo "2296"]
[Opening "QGD Slav defense"]
[ECO "D10"]
[Time "12:06:24"]
[TimeControl "2700+45"]

1. d4 d5 2. c4 c6 3. Nc3 Nf6 4. cxd5 cxd5 5. Bf4 Nc6 6. e3 a6 7. Bd3 Bg4 8. f3
Bh5 9. Nge2 e6 10. Rc1 Bd6 11. O-O O-O 12. Qe1 Bg6 13. Bxg6 hxg6 14. Qh4 Bxf4
15. Nxf4 Nd7 16. Qxd8 Rfxd8 17. Rfd1 g5 18. Nd3 Rac8 19. Kf2 b5 20. b3 f6 21.
Rd2 {Game drawn by mutual agreement} 1/2-1/2

[Event "Team 45 45 League T39"]
[Site "Internet Chess Club"]
[Date "2008.11.30"]
[Round "6"]
[White "Elddir"]
[Black "PopolVuh"]
[Result "1-0"]
[WhiteElo "2116"]
[BlackElo "1989"]
[Opening "Queen's pawn game"]
[ECO "A46"]
[Time "17:00:26"]
[TimeControl "2700+45"]

1. d4 Nf6 2. Nf3 c5 3. c3 e6 4. Bg5 Qb6 5. Qb3 Qxb3 6. axb3 Ne4 7. e3 Nxg5 8.
Nxg5 Nc6 9. Bb5 b6 10. O-O Bb7 11. Nd2 Be7 12. Ngf3 d5 13. Ne5 Rc8 14. Rxa7
{Black resigns} 1-0

[Event "Team 45 45 League T39"]
[Site "Internet Chess Club"]
[Date "2008.12.07"]
[Round "6"]
[White "dmcheng"]
[Black "nodoyuna"]
[Result "0-1"]
[WhiteElo "1629"]
[BlackElo "1838"]
[Opening "Sicilian: closed"]
[ECO "B23"]
[Time "16:11:43"]
[TimeControl "2700+45"]

1. e4 c5 2. Nc3 a6 3. g3 b5 4. Bg2 Bb7 5. d3 e6 6. Nf3 d6 7. O-O Be7 8. Re1 Nf6
9. Ng5 Nc6 10. f4 h6 11. Nf3 Qb6 12. h3 Nd4 13. Be3 Nxf3+ 14. Qxf3 O-O-O 15. a4
d5 16. axb5 axb5 17. Bd2 dxe4 18. Qe2 exd3 19. cxd3 c4+ 20. Be3 Bc5 21. Bxb7+
Kxb7 22. Bxc5 Qxc5+ 23. Kh2 Rxd3 24. Qg2+ Nd5 25. Ne4 Qb4 26. Qf2 Re3 27. Rxe3
Nxe3 28. Ra7+ Kxa7 29. Qxe3+ Ka8 30. Nc5 Qxb2+ 31. Kg1 Rd8 32. Qf3+ Rd5 33. Nd7
Qd4+ 34. Kg2 Qd2+ 35. Kf1 Qd1+ 36. Qxd1 Rxd1+ 37. Ke2 Rxd7 {White resigns} 0-1

[Event "Team 45 45 League T39"]
[Site "Internet Chess Club"]
[Date "2008.11.28"]
[Round "6"]
[White "Alphalegacy"]
[Black "xakelari"]
[Result "1/2-1/2"]
[WhiteElo "2034"]
[BlackElo "2058"]
[Opening "Giuoco Pianissimo"]
[ECO "C50"]
[Time "16:00:39"]
[TimeControl "2700+45"]

1. e4 e5 2. Nf3 Nc6 3. Bc4 Bc5 4. d3 Nf6 5. Be3 Bb6 6. Bb3 d6 7. h3 Be6 8. Nbd2
Nd4 9. Nxd4 Bxd4 10. Bxd4 exd4 11. Nf3 c5 12. c3 dxc3 13. bxc3 Bxb3 14. axb3 O-O
15. O-O a5 16. Qc2 Qc7 17. Ra2 b6 18. Rfa1 Rfc8 19. Qd2 h6 20. b4 cxb4 21. cxb4
Qc3 22. bxa5 Qxd2 23. Nxd2 Rxa5 24. Rxa5 bxa5 25. Nc4 d5 26. exd5 Nxd5 27. Rxa5
Nf4 28. Nd6 Rd8 29. Nxf7 Kxf7 30. Rf5+ Kg6 31. Rxf4 Rxd3 32. g3 h5 33. Kg2 Ra3
34. Rc4 Ra6 35. g4 hxg4 36. hxg4 Kf6 37. Kg3 g5 38. Rc5 Kg6 39. Kf3 Ra3+ 40. Ke4
Ra4+ 41. Kf3 Ra3+ 42. Kg2 Ra6 43. Rd5 Rf6 44. Kg3 Kh6 45. f3 Kg6 46. Re5 Ra6 47.
Rf5 Rb6 48. Rf8 Ra6 49. Rg8+ Kh6 50. Kf2 Ra3 51. Ke2 Ra2+ 52. Ke3 Ra3+ 53. Ke4
Ra4+ 54. Ke3 Ra3+ 55. Kf2 Ra2+ 56. Kg3 Ra6 57. f4 {Game drawn by mutual
agreement} 1/2-1/2

[Event "Team 45 45 League T39"]
[Site "Internet Chess Club"]
[Date "2008.11.28"]
[Round "6"]
[White "chipionero"]
[Black "Beetlejuice"]
[Result "1/2-1/2"]
[WhiteElo "1734"]
[BlackElo "1895"]
[Opening "Queen's pawn game, Chigorin variation"]
[ECO "D02"]
[Time "15:00:12"]
[TimeControl "2700+45"]

1. d4 d5 2. Nf3 Nc6 3. e3 Bg4 4. c4 e5 5. cxd5 Qxd5 6. Be2 e4 7. Nc3 Bb4 8. Nd2
Bxc3 9. Bxg4 Bb4 10. a3 Be7 11. Be2 Nf6 12. Qb3 Qxb3 13. Nxb3 O-O-O 14. Bd2 a6
15. Rc1 Nb8 16. Ba5 Bd6 17. Rc2 Rde8 18. Kd2 c6 19. d5 Nxd5 20. Bg4+ Nd7 21. Be2
Ne5 22. Rhc1 Bc7 23. Bxc7 Kxc7 24. Nd4 Rd8 25. Ke1 Rhe8 26. b4 Kb6 27. Rb1 Nc7
28. a4 Ne6 29. Nxe6 Rxe6 30. b5 axb5 31. axb5 Kc7 32. bxc6 Rxc6 33. Rcb2 b6 34.
f4 Nd3+ 35. Bxd3 Rxd3 36. Ke2 Rdc3 37. Rd1 Rc2+ 38. Rd2 Rxb2 39. Rxb2 Rc4 40. g4
Kc6 41. Kd2 b5 42. h4 Kc5 43. f5 Kc6 44. h5 Rc5 45. Rb4 Kd5 46. Rd4+ Ke5 47. Rb4
Kd5 48. Rd4+ Ke5 {Game drawn by mutual agreement} 1/2-1/2

[Event "Team 45 45 League T39"]
[Site "Internet Chess Club"]
[Date "2008.11.29"]
[Round "6"]
[White "Beddathanme"]
[Black "alexcluster"]
[Result "1-0"]
[WhiteElo "1864"]
[BlackElo "1644"]
[Opening "Sicilian: Najdorf, Lipnitzky attack"]
[ECO "B86"]
[Time "11:01:07"]
[TimeControl "2700+45"]

1. e4 c5 2. Nf3 d6 3. d4 cxd4 4. Nxd4 Nf6 5. Nc3 a6 6. Bc4 e6 7. Bb3 Be7 8. g4
Nc6 9. g5 Nd7 10. Bxe6 Nxd4 11. Bxd7+ Bxd7 12. Qxd4 Bxg5 13. Qxg7 Bf6 14. Qg3
Bc6 15. Bf4 Qa5 16. O-O-O Bxc3 17. Qxc3 Qxc3 18. bxc3 O-O-O 19. Rhe1 Rde8 20. f3
d5 21. e5 Rhg8 22. Bg3 Rg6 23. f4 b5 24. Rd4 a5 25. Kd2 h5 26. Rb1 Kd7 27. a4
bxa4 28. c4 Rg4 29. cxd5 Ba8 30. Ke3 Rc8 31. c4 h4 32. Kf3 Rcg8 33. Bf2 h3 34.
Bg3 R4g6 35. f5 Rg5 36. e6+ fxe6 37. fxe6+ Ke8 38. Bd6 {Black resigns} 1-0

[Event "Team 45 45 League T39"]
[Site "Internet Chess Club"]
[Date "2008.11.28"]
[Round "6"]
[White "egd01"]
[Black "room-matt"]
[Result "0-1"]
[WhiteElo "1524"]
[BlackElo "1811"]
[Opening "Ruy Lopez: classical (Cordel) defense"]
[ECO "C64"]
[Time "15:04:50"]
[TimeControl "2700+45"]

1. e4 e5 2. Nf3 Nc6 3. Bb5 Bc5 4. Bxc6 dxc6 5. O-O Nf6 6. Nc3 O-O 7. d3 Re8 8.
Be3 Bb6 9. Qd2 Ng4 10. Bxb6 axb6 11. Qg5 f6 12. Qd2 Be6 13. h3 Nh6 14. Nh4 c5
15. f4 exf4 16. Qxf4 c6 17. Rf3 b5 18. a3 b4 19. Ne2 bxa3 20. bxa3 b5 21. Ng3
Qd4+ 22. Kh2 Qxa1 23. Nhf5 Nxf5 24. Nxf5 Rxa3 25. Nh6+ gxh6 26. Qxh6 Rf8 27.
Rg3+ Kf7 28. Qxh7+ Ke8 29. Qc7 Qe5 30. Qxc6+ Ke7 31. Qxb5 Rg8 {White resigns}
0-1

[Event "Team 45 45 League T39"]
[Site "Internet Chess Club"]
[Date "2008.12.02"]
[Round "6"]
[White "fledermaus"]
[Black "NeoNietzschean"]
[Result "1-0"]
[WhiteElo "1973"]
[BlackElo "1935"]
[Opening "QGD: 6.Nf3"]
[ECO "D55"]
[Time "21:22:27"]
[TimeControl "2700+45"]

1. d4 Nf6 2. c4 e6 3. Nc3 d5 4. Bg5 Be7 5. e3 O-O 6. Nf3 b6 7. Rc1 Bb7 8. Bxf6
Bxf6 9. cxd5 exd5 10. b4 c6 11. Be2 Qd6 12. Qb3 Nd7 13. O-O Bd8 14. Bd3 Bc7 15.
Qc2 g6 16. Nb5 cxb5 17. Qxc7 Qxc7 18. Rxc7 Bc8 19. Bxb5 Nb8 20. Bd3 Na6 21. Rxc8
Raxc8 22. Bxa6 Rc2 23. b5 f6 24. Bb7 Rd8 25. Ra1 Kf8 26. Ne1 Rc3 27. a4 Ke7 28.
Kf1 Kd6 29. Ke2 Kc7 30. Bc6 a6 31. Kd2 Rb3 32. Nd3 {Black resigns} 1-0

[Event "Team 45 45 League T39"]
[Site "Internet Chess Club"]
[Date "2008.11.27"]
[Round "6"]
[White "Kallistos"]
[Black "jonesey"]
[Result "0-1"]
[WhiteElo "1577"]
[BlackElo "2027"]
[Opening "Ruy Lopez: closed, 7...O-O"]
[ECO "C88"]
[Time "09:53:46"]
[TimeControl "2700+45"]

1. e4 e5 2. Nf3 Nc6 3. Bb5 a6 4. Ba4 Nf6 5. O-O Be7 6. Re1 b5 7. Bb3 O-O 8. d4
exd4 9. Nxd4 Nxd4 10. Qxd4 c5 {White resigns} 0-1

[Event "Team 45 45 League T39"]
[Site "Internet Chess Club"]
[Date "2008.12.01"]
[Round "6"]
[White "baris"]
[Black "alexdb"]
[Result "0-1"]
[WhiteElo "2102"]
[BlackElo "2019"]
[Opening "Four knights game"]
[ECO "C47"]
[Time "14:22:35"]
[TimeControl "2700+45"]

1. e4 e5 2. Nf3 Nc6 3. Nc3 Nf6 4. g3 d5 5. exd5 Nxd5 6. Bg2 Nxc3 7. bxc3 Bd6 8.
O-O O-O 9. d4 Bg4 10. Qd3 Bh5 11. Be3 Bg6 12. Qd2 exd4 13. cxd4 Nb4 14. c3 Nc2
15. Rac1 Nxe3 16. fxe3 Be4 17. Nh4 Bxg2 18. Qxg2 c6 19. Nf5 g6 20. Nxd6 Qxd6 21.
e4 f6 22. Rce1 Rae8 23. Qf3 Kg7 24. Re2 Qe6 25. Rfe1 Qd6 26. Qf4 Qd7 27. Kg2 Rf7
28. Re3 Ref8 29. Qf2 Re8 30. Qe2 Rfe7 31. Qc4 Qd8 32. Qc5 Qb6 33. Qxb6 axb6 34.
Kf3 Ra8 35. R1e2 Ra5 36. Kf4 h5 37. h4 Re8 38. e5 fxe5+ 39. Rxe5 Rf8+ 40. Kg5
Rf5+ {White resigns} 0-1